 Dungeon Crawl Stone Soup version 0.31-a0-232-gb1c03b2570 (webtiles) character file.

Game seed: 7765301181904844434

665 qw the Shooter (level 7, -3/61 HPs)
             Began as a Minotaur Hexslinger on July 7, 2023.
             Slain by a bullfrog (7 damage)
             ... on level 5 of the Dungeon.
             The game lasted 00:01:42 (4269 turns).

qw the Shooter (Minotaur Hexslinger)                Turns: 4269, Time: 00:01:43

Health: -3/61      AC:  5    Str: 12    XL:     7   Next: 31%
Magic:  7/7        EV: 11    Int: 10    God:
Gold:   181        SH:  0    Dex: 15    Spells: 7/8 levels left

rFire   . . .        g - +1 sling (flame)
rCold   + . .        (no shield)
rNeg    . . .        h - +0 ring mail
rPois   .            (helmet restricted)
rElec   .            (no cloak)
rCorr   .            (no gloves)
SInv    .            (no boots)
Will    +....        (no amulet)
Stlth   +            j - ring of protection from cold
HPRegen 0.30/turn    i - ring of willpower
MPRegen 0.10/turn

%: no passive effects
@: about to teleport
A: horns 2, retaliatory headbutt
a: no special abilities


You were on level 5 of the Dungeon.
You visited 1 branch of the dungeon, and saw 5 of its levels.

You collected 181 gold pieces.


Innate Abilities, Weirdness & Mutations

You have a pair of horns on your head.
You reflexively headbutt those who attack you in melee.


   Skills:
 - Level 5.1 Fighting
 + Level 7.4 Ranged Weapons
 - Level 1.7 Armour
 - Level 2.1 Dodging
 - Level 1.0 Spellcasting
 - Level 2.0 Hexes


You had 7 spell levels left.
You knew the following spells:

 Your Spells              Type           Power      Damage    Failure   Level
a - Slow                  Hex            16%        N/A       32%         1

Your spell library contained the following spells:

 Spells                   Type           Power      Damage    Failure   Level
 Inner Flame              Hex/Fire       2%         N/A       83%         3
 Portal Projectile        Hex/Tloc       4%         N/A       83%         3
 Cause Fear               Hex            2%         N/A       97%         4

Inventory:

Hand Weapons
 g - a +1 sling of flaming (weapon)
Armour
 h - a +0 ring mail (worn)
Jewellery
 i - a ring of willpower (right hand)
 j - a ring of protection from cold (left hand)
 Y - a +6 ring of strength
Scrolls
 c - a scroll of identify
Potions
 b - a potion of resistance {unknown}
 d - a potion of curing {unknown}
 e - a potion of ambrosia {unknown}
 f - a potion of might {unknown}
 k - a potion of brilliance {unknown}
 l - a potion of haste {unknown}

Dungeon Overview and Level Annotations

Branches:
Dungeon (5/15)
 Temple: D:4-7

Altars:
Nemelex Xobeh
Sif Muna

Annotations:
D:3 2 transporters, qw's ghost, amateur GrHs


Message History

The sling bullet burns the scorpion.
You kill the scorpion!
You feel sick. The bullfrog closely misses you. You furiously retaliate!
You headbutt the bullfrog.
The bullfrog hits you but does no damage.
You shoot a sling bullet. The sling bullet misses the bullfrog.
You feel sick.
The bullfrog hits you but does no damage.
You shoot a sling bullet. The sling bullet hits the bullfrog.
The sling bullet burns the bullfrog.
The bullfrog is lightly wounded.
You feel sick.
You are no longer poisoned.
The bullfrog closely misses you. The bullfrog hits you.
You shoot a sling bullet.
The sling bullet hits the bullfrog but does no damage.
The bullfrog is lightly wounded.
The bullfrog hits you but does no damage.
The bullfrog closely misses you.
You shoot a sling bullet.
The sling bullet closely misses the bullfrog.
The bullfrog hits you. The bullfrog closely misses you.
You furiously retaliate!
You headbutt the bullfrog! You shoot a sling bullet.
The sling bullet hits the bullfrog.
The sling bullet burns the bullfrog.
The bullfrog is heavily wounded.
The bullfrog releases a deep croak.
The bullfrog hits you.
You shoot a sling bullet. The sling bullet hits the bullfrog.
The sling bullet burns the bullfrog.
The bullfrog is severely wounded.
The bullfrog barely misses you. The bullfrog hits you.
4268 ||| READING scroll of teleportation.
As you read the scroll of teleportation, it crumbles to dust.
You feel strangely unstable. The bullfrog hits you. x2
You shoot a sling bullet.
The sling bullet barely misses the bullfrog.
The bullfrog hits you!
You die...

#.# ..... #.#
).... #.###....
#....# #<...#
##...####
#......#######
#.......F....#.
#...#..@%......
##.######......
#.# $.... ...
.... .... ...
#... .. #. .


You could see a bullfrog.

Vanquished Creatures
  Sigmund (D:4)
  2 scorpions
  A hound (D:4)
  A jelly (D:4)
  Ijyb (D:4)
  Natasha (twice) (D:2)
  An iguana (D:4)
  3 orc wizards
  Robin (D:2)
  2 adders
  A worm (D:2)
  6 dart slugs
  6 orcs
  5 endoplasms
  5 giant cockroaches
  25 goblins
  10 hobgoblins
  4 jackals (D:4)
  10 kobolds
  4 ball pythons
  3 bats
  A frilled lizard (D:1)
  10 rats
105 creatures vanquished.

Notes
Turn   | Place    | Note
-------+----------+-------------------------------------------
     0 | D:1      | qw the Minotaur Hexslinger began the quest for the Orb.
     0 | D:1      | Reached XP level 1. HP: 16/16 MP: 1/1
     0 | D:1      | 0 ||| qw: Version: 0.3-a-46-gb1f654a
     0 | D:1      | 0 ||| qw: Game counter: 2951
     0 | D:1      | 0 ||| qw: Melee chars always use a shield: true
     0 | D:1      | 0 ||| qw: God list: Okawaru
     0 | D:1      | 0 ||| qw: Allow faded altars: false
     0 | D:1      | 0 ||| qw: Do Orc after clearing Dungeon:15 true
     0 | D:1      | 0 ||| qw: Do second Lair branch before Depths: true
     0 | D:1      | 0 ||| qw: Lair rune preference: random
     0 | D:1      | 0 ||| qw: Goals: Normal
     0 | D:1      | 0 ||| PLANNING D:1-11
   236 | D:1      | Reached skill level 3 in Ranged Weapons
   242 | D:1      | Reached XP level 2. HP: 13/23 MP: 2/2
   401 | D:1      | 401 ||| FLEEEEING.
   402 | D:1      | 402 ||| FLEEEEING.
   403 | D:1      | 403 ||| FLEEEEING.
   408 | D:1      | 408 ||| FLEEEEING.
   547 | D:1      | 547 ||| FLEEEEING.
   576 | D:1      | Reached XP level 3. HP: 24/29 MP: 3/3
   936 | D:1      | 936 ||| UPGRADING to +6 ring of strength.
   937 | D:1      | 937 ||| UPGRADING to ring of willpower.
   938 | D:1      | 938 ||| READING 5 scrolls labelled HOILLI PIPSOIR.
   943 | D:1      | 943 ||| READING 3 scrolls labelled OLYTONT IRCHI.
   944 | D:1      | 944 ||| READING scroll labelled TYTHRE TOFOW.
   945 | D:1      | 945 ||| DRINKING 2 fizzy orange potions.
   946 | D:1      | 946 ||| DROPPING scroll of poison.
   947 | D:1      | 947 ||| DROPPING potion of invisibility.
   948 | D:1      | 948 ||| DROPPING 2 scrolls of noise.
   989 | D:2      | Noticed Robin
   996 | D:2      | Reached skill level 4 in Ranged Weapons
  1009 | D:2      | HP: 7/29 [Robin/+0 spear (6)]
  1010 | D:2      | 1010 ||| READING 4 scrolls of teleportation.
  1015 | D:2      | 1015 ||| READING 3 scrolls of teleportation.
  1018 | D:2      | Found a shimmering blue altar of Sif Muna.
  1347 | D:2      | Reached XP level 4. HP: 36/36 MP: 4/4
  1418 | D:2      | Killed Robin
  1729 | D:2      | Noticed Natasha
  1735 | D:2      | HP: 9/36 [Natasha (2)]
  1736 | D:2      | 1736 ||| READING 2 scrolls of teleportation.
  1738 | D:2      | Killed Natasha
  1739 | D:2      | Reached skill level 5 in Ranged Weapons
  1985 | D:2      | Noticed Natasha
  1994 | D:2      | Killed Natasha
  1995 | D:2      | Reached XP level 5. HP: 17/44 MP: 5/5
  1997 | D:2      | 1997 ||| FLEEEEING.
  1998 | D:2      | 1998 ||| FLEEEEING.
  2000 | D:2      | 2000 ||| FLEEEEING.
  2001 | D:2      | 2001 ||| FLEEEEING.
  2002 | D:2      | 2002 ||| FLEEEEING.
  2003 | D:2      | 2003 ||| FLEEEEING.
  2004 | D:2      | 2004 ||| FLEEEEING.
  2005 | D:2      | 2005 ||| FLEEEEING.
  2007 | D:2      | 2007 ||| FLEEEEING.
  2008 | D:2      | 2008 ||| FLEEEEING.
  2009 | D:2      | 2009 ||| FLEEEEING.
  2010 | D:2      | 2010 ||| FLEEEEING.
  2011 | D:2      | 2011 ||| FLEEEEING.
  2012 | D:2      | 2012 ||| FLEEEEING.
  2013 | D:2      | 2013 ||| FLEEEEING.
  2014 | D:2      | 2014 ||| FLEEEEING.
  2015 | D:2      | 2015 ||| FLEEEEING.
  2016 | D:2      | 2016 ||| FLEEEEING.
  2017 | D:2      | 2017 ||| FLEEEEING.
  2018 | D:2      | 2018 ||| FLEEEEING.
  2019 | D:2      | 2019 ||| FLEEEEING.
  2020 | D:2      | 2020 ||| FLEEEEING.
  2021 | D:2      | 2021 ||| FLEEEEING.
  2022 | D:2      | 2022 ||| FLEEEEING.
  2023 | D:2      | 2023 ||| FLEEEEING.
  2024 | D:2      | 2024 ||| FLEEEEING.
  2025 | D:2      | 2025 ||| FLEEEEING.
  2026 | D:2      | 2026 ||| FLEEEEING.
  2027 | D:2      | 2027 ||| FLEEEEING.
  2028 | D:2      | 2028 ||| FLEEEEING.
  2029 | D:2      | 2029 ||| FLEEEEING.
  2030 | D:2      | 2030 ||| FLEEEEING.
  2031 | D:2      | 2031 ||| FLEEEEING.
  2032 | D:2      | 2032 ||| FLEEEEING.
  2033 | D:2      | 2033 ||| FLEEEEING.
  2035 | D:2      | 2035 ||| FLEEEEING.
  2037 | D:2      | 2037 ||| FLEEEEING.
  2038 | D:2      | 2038 ||| FLEEEEING.
  2039 | D:2      | 2039 ||| FLEEEEING.
  2040 | D:2      | 2040 ||| FLEEEEING.
  2041 | D:2      | 2041 ||| FLEEEEING.
  2042 | D:2      | 2042 ||| FLEEEEING.
  2043 | D:2      | 2043 ||| FLEEEEING.
  2044 | D:2      | 2044 ||| FLEEEEING.
  2045 | D:2      | 2045 ||| FLEEEEING.
  2046 | D:2      | 2046 ||| FLEEEEING.
  2047 | D:2      | 2047 ||| FLEEEEING.
  2048 | D:2      | 2048 ||| FLEEEEING.
  2049 | D:2      | 2049 ||| FLEEEEING.
  2050 | D:2      | 2050 ||| FLEEEEING.
  2051 | D:2      | 2051 ||| FLEEEEING.
  2052 | D:2      | 2052 ||| FLEEEEING.
  2054 | D:2      | 2054 ||| FLEEEEING.
  2055 | D:2      | 2055 ||| FLEEEEING.
  2056 | D:2      | 2056 ||| FLEEEEING.
  2057 | D:2      | 2057 ||| FLEEEEING.
  2058 | D:2      | 2058 ||| STAIRDANCE
  2093 | D:1      | 2093 ||| UPGRADING to +0 ring mail.
  2103 | D:1      | 2103 ||| DROPPING +0 robe.
  2104 | D:1      | 2104 ||| READING scroll labelled RUGHOGE JUDGH.
  2105 | D:1      | 2105 ||| DRINKING 2 viscous sapphire potions.
  2106 | D:1      | 2106 ||| DROPPING potion of attraction.
  2362 | D:3      | Found a transporter.
  2362 | D:3      | Noticed qw's ghost (amateur GrHs)
  2367 | D:3      | Found a transporter.
  2384 | D:3      | Reached skill level 3 in Fighting
  2556 | D:3      | Reached skill level 1 in Armour
  2560 | D:3      | Found a faded altar of an unknown god.
  2997 | D:4      | Reached skill level 6 in Ranged Weapons
  3136 | D:4      | Reached XP level 6. HP: 51/51 MP: 6/6
  3149 | D:4      | Noticed Sigmund
  3157 | D:4      | Killed Sigmund
  3337 | D:4      | Reached XP level 7. HP: 57/61 MP: 7/7
  3647 | D:4      | Noticed Ijyb
  3649 | D:4      | 3649 ||| FLEEEEING.
  3650 | D:4      | 3650 ||| FLEEEEING.
  3651 | D:4      | 3651 ||| FLEEEEING.
  3652 | D:4      | 3652 ||| FLEEEEING.
  3653 | D:4      | 3653 ||| FLEEEEING.
  3654 | D:4      | 3654 ||| FLEEEEING.
  3655 | D:4      | 3655 ||| FLEEEEING.
  3670 | D:4      | HP: 15/61 [Ijyb/+0 dagger (2)]
  3671 | D:4      | 3671 ||| READING 2 scrolls of teleportation.
  3673 | D:4      | HP: 6/61 [Ijyb/+0 dagger (3)]
  3910 | D:4      | 3910 ||| READING scroll labelled ATHEITH QAIRY.
  3918 | D:4      | Killed Ijyb
  4016 | D:4      | Found a sparkling altar of Nemelex Xobeh.
  4069 | D:4      | Reached skill level 7 in Ranged Weapons
  4238 | D:4      | 4238 ||| UPGRADING to ring of protection from cold.
  4243 | D:5      | Entered Level 5 of the Dungeon
  4267 | D:5      | HP: 12/61 [bullfrog (5)]
  4268 | D:5      | 4268 ||| READING scroll of teleportation.
  4268 | D:5      | HP: 4/61 [bullfrog (4)]
  4269 | D:5      | Slain by a bullfrog

Levels and vault maps discovered:
D:1:      dpeg_arrival_pond, layout_basic, minmay_box_of_dots
D:2:      wad_crossroads, layout_basic, basic_altar, uniq_robin, uniq_natasha
D:3:      layout_loops_cross, gammafunk_ghost_arena,
          shapermc_ecumenical_altar_rom_forum
D:4:      cheibrodos_quashed, layout_basic, nemelex_spade_bored_becter,
          serial_glass, glass_columns_b, glass_columns_b, minmay_between,
          uniq_ijyb, uniq_sigmund
D:5:      layout_rooms, uniq_grinder, uniq_eustachio

Skill      XL: |  1  2  3  4  5  6  7 |
---------------+----------------------+-----
Ranged Weapons | 3 4 5 6 7 |  7.4
Fighting       | 2 3 5 |  5.1
Armour         | 1 |  1.7
Dodging        | |  2.1
Spellcasting   | |  1.0
Hexes          | |  2.0

Action                     |  1- 3 |  4- 6 |  7- 9 || total
---------------------------+-------+-------+-------++-------
   Fire: Sling             |   122 |   163 |    71 ||   356
    Use: Scroll            |     5 |     2 |     3 ||    10
         Potion            |     1 |     1 |       ||     2
 Armour: Robe              |     4 |     2 |       ||     6
         Ring mail         |       |    24 |    16 ||    40
  Dodge: Dodged            |    27 |    43 |    17 ||    87

Table legend:
 A = Non-vault XP
 B = Vault XP
 C = Vault XP percentage of total XP
 D = Non-vault monster count
 E = Vault monster count
 F = Vault count percentage of total count
                 A         B        C        D         E       F
            +---------+---------+-------+---------+---------+-------
      Total |     516 |     435 |  45.7 |      79 |      26 |  24.8
            +---------+---------+-------+---------+---------+-------
        D:1 |      45 |       5 |  10.0 |      24 |       3 |  11.1
        D:2 |      82 |      82 |  50.0 |      21 |      17 |  44.7
        D:3 |      70 |       0 |   0.0 |      17 |       0 |   0.0
        D:4 |     236 |     348 |  59.6 |      16 |       6 |  27.3
        D:5 |      83 |       0 |   0.0 |       1 |       0 |   0.0
            +---------+---------+-------+---------+---------+-------
